 Dungeon Crawl Stone Soup version 0.29.0-5-ge4962eb29e (webtiles) character file.

Game seed: 1114133496543600926

1480 greasedhog the Shooter (level 8, -4/67 HPs)
             Began as a Palentonga Hunter on Aug 29, 2022.
             Slain by a yak (10 damage)
             ... on level 5 of the Dungeon.
             The game lasted 00:11:06 (6028 turns).

greasedhog the Shooter (Palentonga Hunter)          Turns: 6028, Time: 00:11:06

Health: -4/67      AC: 20    Str: 22 (24) XL:     8   Next: 50%
Magic:  8/8        EV:  9    Int:  7 (8)  God:
Gold:   302        SH:  0    Dex: 15 (16) Spells: 7/7 levels left

rFire   + . .      SeeInvis +   a - +0 shortbow
rCold   + . .      Faith    .   (shield currently unavailable)
rNeg    . . .      Spirit   .   g - +5 ring mail of Pan-Flutes {Str+8 SInv Stlth-}
rPois   +          Reflect  .   v - +0 helmet
rElec   +          Harm     .   (no cloak)
rCorr   +          Rampage  .   f - +0 pair of gloves
Will    .....                   (no barding)
Stlth   ..........              (no amulet)
HPRegen 0.21/turn               (no ring)
MPRegen 0.11/turn               (no ring)

@: mighty, resistant, invisible, curled up
A: large, rugged brown scales 3, see invisible, deformed body, roll 1, armoured
tail, reflexive curl, dopey 1, evolution 1
a: Rolling Charge


You were on level 5 of the Dungeon.
You visited 1 branch of the dungeon, and saw 5 of its levels.

You collected 302 gold pieces.

Inventory:

Hand Weapons
 a - a +0 shortbow (weapon)
Armour
 f - a +0 pair of gloves (worn)
 g - the +5 ring mail of Pan-Flutes (worn) {Str+8 SInv Stlth-}
   (You found it on level 4 of the Dungeon)

   Str:       It affects your strength (+8).
   SInv:      It lets you see invisible.
   Stlth:     It makes you less stealthy.
 v - a +0 helmet (worn)
Jewellery
 u - an amulet of guardian spirit
Wands
 e - a wand of flame (1)
 i - a wand of digging (9)
Scrolls
 b - 3 scrolls of immolation
 d - a scroll of fog
 j - a scroll of blinking
 k - 2 scrolls of teleportation
 l - a scroll of amnesia
 n - a scroll of enchant armour {unknown}
 q - 2 scrolls of fear
 t - a scroll of enchant weapon {unknown}
Potions
 o - 2 potions of attraction


   Skills:
 - Level 5.4 Fighting
 * Level 7.1 Ranged Weapons
 * Level 4.3 Armour
 - Level 1.5 Dodging
 - Level 0.5 Stealth


You had 7 spell levels left.
You didn't know any spells.
Your spell library contained the following spells:

 Spells                   Type           Power      Damage    Failure   Level
 Foxfire                  Conj/Fire      0%         2x1d4     58%         1
 Sublimation of Blood     Necr           0%         N/A       73%         2
 Wereblood                Tmut           0%         N/A       73%         2
 Conjure Flame            Conj/Fire      0%         6-21      91%         3
 Inner Flame              Hex/Fire       0%         N/A       91%         3
 Flame Wave               Conj/Fire      0%         2d4       100%        4
 Summon Hydra             Summ           0%         N/A       100%        7


Dungeon Overview and Level Annotations

Branches:
Dungeon (5/15)
 Temple: D:4-7

Altars:
Ashenzari
Makhleb
Vehumet
The Shining One


Innate Abilities, Weirdness & Mutations

You are completely covered in rugged brown scales. (AC +3, +7% HP)
You have supernaturally acute eyesight. (SInv)
Armour fits poorly on your strangely shaped body.
You can roll at nearby foes to attack.
You have a long armoured tail.
You curl defensively after being hit. (AC +7*)
You are dopey. (Int -2)
You have hidden genetic potential.


Message History

The yak gores you but does no damage.
It was a potion of might.
You feel very mighty all of a sudden. The yak gores you.
* * * LOW HITPOINT WARNING * * *
Okay, then.
Fire: a) +0 shortbow
Press: ? - help, Q - select action, (/) - cycle Shift-Dir - straight line, f/p - yak
Aim: a yak (heavily wounded, 75% to hit)
You shoot an arrow. The arrow hits the yak.
The yak is heavily wounded.
The yak gores you but does no damage.
Fire: a) +0 shortbow
Press: ? - help, Q - select action, (/) - cycle Shift-Dir - straight line, f/p - yak
Aim: a yak (heavily wounded, 75% to hit)
You shoot an arrow. The arrow hits the yak!
The yak is severely wounded.
The yak gores you.
* * * LOW HITPOINT WARNING * * *
The yak attacks as you move away! The yak gores you but does no damage.
The yak attacks as you move away! The yak gores you but does no damage.
The yak attacks as you move away! The yak gores you.
* * * LOW HITPOINT WARNING * * *
It was a potion of mutation.
You feel extremely strange.
You feel a hidden potential growing inside you.
You feel stupid. The yak gores you but does no damage.
It was a potion of resistance.
You feel protected.
The yak gores you but does no damage. x2
It was a potion of degeneration.
There was something very wrong with that liquid.
You feel weakened.
You feel dopey.
You feel clumsy. The yak barely misses you.
The yak gores you but does no damage.
It was a potion of invisibility.
You fade into invisibility!
The yak gores you!
* * * LOW HITPOINT WARNING * * *
The yak gores you!
You die...

.....######......................
#.(........####....###...######..
.................#.###...# #..
.#.......#..........###### ##.
......................# ##
###..##............##.##
####.####...........#..# .###.#
#.......YY..##.# ...#.#
#.......@...##.##### ##...#
##........#.†......#
##..#####..........#############
##....#..........##............
####..#.)...........#..#...#...#.
..###.##............#_...........
#....>.............##..#...#...#.
..###...............#............
...#....##.........##############


You could see 2 yaks.

Vanquished Creatures
  2 yaks (D:5)
  Eustachio (D:4)
  Menkaure (D:4)
  A phantom (D:5)
  A centaur (D:5)
  6 scorpions
  A bullfrog (D:4)
  2 hounds (D:4)
  A jelly (D:5)
  An iguana (D:5)
  Natasha (thrice) (D:2)
  2 orc wizards (D:3)
  9 adders
  An ufetubus (D:4)
  A worm (D:2)
  A dart slug (D:1)
  6 orcs
  4 ball pythons
  8 bats
  5 endoplasms
  A giant cockroach (D:1)
  4 goblins
  7 hobgoblins
  5 jackals
  4 quokkas
  2 frilled lizards
  7 kobolds
  8 rats
95 creatures vanquished.

Vanquished Creatures (others)
  A yak (D:5)
  A plant (D:3)
2 creatures vanquished.

Grand Total: 97 creatures vanquished

Notes
Turn   | Place    | Note
-------+----------+-------------------------------------------
     0 | D:1      | greasedhog the Palentonga Hunter began the quest for the
                  | Orb.
     0 | D:1      | Reached XP level 1. HP: 17/17 MP: 1/1
   261 | D:1      | Reached XP level 2. HP: 24/24 MP: 2/2
   425 | D:1      | Found a faded altar of an unknown god.
   721 | D:2      | Reached XP level 3. HP: 29/29 MP: 3/3
   791 | D:2      | Noticed Natasha
   823 | D:2      | Killed Natasha
   824 | D:2      | Reached skill level 4 in Ranged Weapons
   824 | D:2      | Reached XP level 4. HP: 24/37 MP: 4/4
   872 | D:2      | Noticed Natasha
   880 | D:2      | Killed Natasha
   889 | D:2      | Noticed Natasha
   895 | D:2      | Killed Natasha
  1213 | D:2      | Reached XP level 5. HP: 30/44 MP: 5/5
  2183 | D:3      | Found a glowing golden altar of the Shining One.
  2914 | D:4      | Reached XP level 6. HP: 48/52 MP: 6/6
  2940 | D:4      | Noticed Menkaure
  2947 | D:4      | Killed Menkaure
  2948 | D:4      | Reached skill level 5 in Fighting
  2948 | D:4      | Reached skill level 5 in Ranged Weapons
  3233 | D:4      | Identified the +5 ring mail of Pan-Flutes {Str+8 SInv
                  | Stlth-}
  3268 | D:4      | Found a broken altar of Ashenzari.
  3476 | D:4      | Noticed Eustachio
  3580 | D:4      | Killed Eustachio
  3581 | D:4      | Reached skill level 1 in Armour
  3581 | D:4      | Gained mutation: You curl defensively after being hit. (AC
                  | +7*) [Palentonga growth]
  3581 | D:4      | Reached XP level 7. HP: 26/59 MP: 7/7
  4114 | D:4      | Found a burning altar of Makhleb.
  4162 | D:5      | Entered Level 5 of the Dungeon
  4189 | D:5      | Reached skill level 6 in Ranged Weapons
  4370 | D:5      | Noticed a yak
  4399 | D:5      | HP: 1/59 [yak (11)]
  4436 | D:5      | Killed a yak
  4746 | D:5      | Reached XP level 8. HP: 58/67 MP: 8/8
  5329 | D:5      | Found a radiant altar of Vehumet.
  5437 | D:5      | Reached skill level 7 in Ranged Weapons
  6024 | D:5      | Gained mutation: You have hidden genetic potential. [potion
                  | of mutation]
  6024 | D:5      | Gained mutation: You are dopey. (Int -2) [potion of
                  | mutation]
  6028 | D:5      | Slain by a yak

Illustrated notes

Levels and vault maps discovered:
D:1:      ncdulo_lavacross, layout_basic, shapermc_ecumenical_altar_venn,
          solitary_fountain, minmay_octomino_j4
D:2:      layout_basic, minmay_mini_jars, uniq_natasha, uniq_robin
D:3:      layout_rooms, mainiacjoe_overflow_boulevard, st_stairs_14,
          minivault_27, serial_bayou_pond_d
D:4:      layout_loops_cross, evilmike_ruin_ashenzari, lightli_temple_of_fire,
          uniq_eustachio, uniq_menkaure
D:5:      layout_rooms, lemuel_coloured_pillars_altar

Skill      XL: |  1  2  3  4  5  6  7  8 |
---------------+-------------------------+-----
Fighting       | 3 4 5 |  5.4
Ranged Weapons | 4 5 6 7 |  7.1
Armour         | 1 3 4 |  4.3
Dodging        | |  1.5
Stealth        | |  0.5

Action                   |  1- 3 |  4- 6 |  7- 9 || total
-------------------------+-------+-------+-------++-------
Melee: Shortbow          |       |       |     1 ||     1
 Fire: Shortbow          |    78 |   214 |   155 ||   447
 Abil: Rolling Charge    |       |       |     1 ||     1
Evoke: Wand              |       |     7 |    22 ||    29
  Use: Scroll            |     4 |     2 |     2 ||     8
       Potion            |       |     3 |     5 ||     8
Armor: Leather armour    |    24 |    34 |       ||    58
       Ring mail         |       |    66 |    99 ||   165
Dodge: Dodged            |    38 |    96 |    86 ||   220
